 Dungeon Crawl Stone Soup version 0.30.1-9-gdf580d7c3d (webtiles) character file.

Game seed: 13882490257092796416

1311 monsoonserge the Conjurer (level 8, 0/63 HPs)
             Began as a White Draconian Conjurer on Oct 26, 2023.
             Was a Follower of Vehumet.
             Slain by an iguana (10 damage)
             ... on level 6 of the Dungeon.
             The game lasted 00:17:00 (5755 turns).

monsoonserge the Conjurer (DrCj)                    Turns: 5755, Time: 00:17:01

Health: 0/63       AC: 11    Str: 11    XL:     8   Next: 32%
Magic:  9/21       EV: 12    Int: 20    God:    Vehumet [*.....]
Gold:   293        SH:  4    Dex:  9    Spells: 10/13 levels left

rFire   . . .        l - +2 mace (protect)
rCold   + . .        D - +0 buckler
rNeg    . . .        (body armour unavailable)
rPois   .            (helmet restricted)
rElec   .            (no cloak)
rCorr   .            e - +0 pair of gloves
SInv    .            (no boots)
Will    .....        (no amulet)
Stlth   ++           H - +4 ring of protection
HPRegen 0.30/turn    v - ring of magical power
MPRegen 0.17/turn

%: no passive effects
@: short of breath
A: breathe frost, AC +6, unfitting armour, cold resistance 1, cold-blooded
a: Breathe Frost, Renounce Religion


You were on level 6 of the Dungeon.
You worshipped Vehumet.
Vehumet was aware of your devotion.
You visited 2 branches of the dungeon, and saw 7 of its levels.

You collected 293 gold pieces.

Inventory:

Hand Weapons
 l - a +2 mace of protection (weapon)
 r - a +0 longbow
 C - a +0 dagger of venom
 F - a +2 rapier of venom
Missiles
 t - 7 boomerangs
 E - a boomerang of dispersal
Armour
 e - a +0 pair of gloves (worn)
 D - a +0 buckler (worn)
Magical Staves
 B - a staff of poison
Jewellery
 j - a ring of ice
 p - a ring of flight
 v - a ring of magical power (right hand)
 H - a +4 ring of protection (left hand)
Scrolls
 b - a scroll of silence {unknown}
 d - 2 scrolls of noise {unknown}
 f - a scroll of brand weapon {unknown}
 h - 2 scrolls of identify {unknown}
 k - a scroll of enchant armour {unknown}
 m - 2 scrolls of enchant weapon {unknown}
 o - 2 scrolls of torment {unknown}
 q - a scroll of poison {unknown}
 s - 2 scrolls of teleportation {unknown}
 u - a scroll of fear {unknown}
 x - a scroll of summoning {unknown}
 y - 2 scrolls of blinking {unknown}
Potions
 a - 2 potions of magic
 c - a potion of attraction {unknown}
 g - 2 potions of cancellation {unknown}
 i - 2 potions of lignification {unknown}
 n - a potion of brilliance {unknown}
 w - a potion of flight {unknown}
 z - a potion of invisibility {unknown}
 A - 3 potions of curing {unknown}
 G - a potion of might {unknown}


   Skills:
 + Level 3.4 Fighting
 + Level 0.5 Short Blades
 + Level 4.2 Maces & Flails
 + Level 4.7 Dodging
 - Level 2.0 Stealth
 * Level 2.8 Shields
 - Level 3.0 Spellcasting
 + Level 6.7 Conjurations


You had 10 spell levels left.
You knew the following spells:

 Your Spells              Type           Power      Damage    Failure   Level
a - Magic Dart            Conj           100%       1d8       1%          1
b - Searing Ray           Conj           60%        2d6       1%          2

Your spell library contained the following spells:

 Spells                   Type           Power      Damage    Failure   Level
 Freeze                   Ice            12%        1d3       21%         1
 Dazzling Flash           Conj/Hex       32%        N/A       16%         3
 Fulminant Prism          Conj/Hex       8%         3d7       45%         4
 Iskenderun's Mystic Bla  Conj/Tloc      16%        2d5       45%         4


Dungeon Overview and Level Annotations

Branches:
Dungeon (6/15)             Temple (1/1) D:5

Altars:
Ashenzari
Cheibriados
Dithmenos
Elyvilon
Gozag
Hepliaklqana
Kikubaaqudgha
Makhleb
Nemelex Xobeh
Okawaru
Qazlal
Sif Muna
Uskayaw
Vehumet
Wu Jian
Xom
Yredelemnul
Zin
The Shining One


Innate Abilities, Weirdness & Mutations

You can breathe waves of freezing cold which knock back foes.
Your icy white scales are hard. (AC +6)
You cannot fit into any form of body armour.
Your flesh is cold resistant. (rC+)
You are cold-blooded and may be slowed by cold attacks.


Message History

The orc warrior misses you.
Casting: Searing Ray (safe; 1% risk of failure)
Confirm with . or Enter, or press ? or * to list all spells.
Aiming: Searing Ray (safe; 1% risk of failure)
Press: ? - help, Shift-Dir - straight line, f - orc
Aim: an orc, wielding a +0 dagger and wearing a +0 ring mail (82% to hit)
The searing ray misses the orc warrior.
The searing ray hits the iguana.
The iguana is moderately wounded.
The searing ray hits the orc.
The orc is heavily wounded. (Press . to maintain the ray.)
The orc warrior hits you with a +0 dire flail.
The searing ray misses the orc warrior.
The searing ray misses the iguana.
The orc warrior hits you with a +0 dire flail!
The searing ray hits the orc warrior but does no damage.
The orc warrior is moderately wounded.
The searing ray hits the iguana.
The iguana is heavily wounded.
The searing ray hits something.
The orc warrior hits you with a +0 dire flail!
* * * LOW HITPOINT WARNING * * *
The searing ray misses the orc warrior.
The searing ray hits the iguana.
The iguana is severely wounded.
The searing ray hits the orc but does no damage.
The orc is heavily wounded.
You finish channelling your searing ray.
Casting: Searing Ray (safe; 1% risk of failure)
Confirm with . or Enter, or press ? or * to list all spells.
You don't know that spell.
Unknown command.
Aiming: Breathe Frost (4% risk of failure)
Press: ? - help, Shift-Dir - straight line, f - orc warrior
Aim: an orc warrior, wielding a +0 dire flail and wearing a +0 plate armour (moderately wounded, 68% to hit)
You exhale a wave of freezing cold.
The freezing breath hits the orc warrior.
The orc warrior is moderately wounded.
The orc warrior hits you with a +0 dire flail.
* * * LOW HITPOINT WARNING * * *
The iguana bites you!
You die...

#......_.......#.........
#...†...#.#.....##.........
......#.......######.........
..##.####.....## ##..........
. ## #.......##...........
.....................
....................
....................
...#.@o#..........
###l#....#.....
#.o...####.... #....#.# ....
.."...### #. ..#.###.# ... ##
.. .. ... . ....


You could see an orc warrior, an iguana and an orc.

Vanquished Creatures
  Eustachio (D:5)
  2 water moccasins (D:5)
  An ogre (D:4)
  A centaur (D:6)
  2 scorpions (D:6)
  A jelly (D:5)
  3 orc priests
  3 hounds
  A gnoll bouda (D:5)
  2 iguanas
  3 orc wizards
  2 sleepcaps (D:5)
  5 gnolls
  6 adders
  A shadow imp (D:5)
  4 ufetubi
  A worm (D:3)
  A dart slug (D:3)
  17 orcs
  6 bats
  6 endoplasms
  6 giant cockroaches
  7 goblins
  6 hobgoblins
  4 jackals
  5 kobolds
  6 quokkas
  5 ball pythons
  3 frilled lizards
  10 rats
121 creatures vanquished.

Notes
Turn   | Place    | Note
-------+----------+-------------------------------------------
     0 | D:1      | monsoonserge the Draconian Conjurer began the quest for the
                  | Orb.
     0 | D:1      | Reached XP level 1. HP: 14/14 MP: 3/3
   382 | D:1      | Reached XP level 2. HP: 18/20 MP: 1/5
   474 | D:1      | Learned a level 2 spell: Searing Ray
   697 | D:1      | Reached XP level 3. HP: 26/26 MP: 2/6
  1555 | D:2      | Reached skill level 5 in Conjurations
  2141 | D:2      | Reached XP level 4. HP: 34/34 MP: 7/7
  2601 | D:3      | Found a faded altar of an unknown god.
  2989 | D:3      | Reached XP level 5. HP: 10/39 MP: 1/8
  3252 | D:3      | Reached skill level 1 in Fighting
  3252 | D:3      | Reached skill level 1 in Maces & Flails
  3620 | D:4      | Found a radiant altar of Vehumet.
  3621 | D:4      | Found a hazy altar of Hepliaklqana.
  3655 | D:4      | Became a worshipper of Vehumet
  3886 | D:4      | Reached XP level 6. HP: 44/47 MP: 10/10
  4143 | D:5      | Entered Level 5 of the Dungeon
  4245 | D:5      | Reached skill level 6 in Conjurations
  4348 | D:5      | Your scales start taking on an icy white colour.
  4348 | D:5      | Reached XP level 7. HP: 56/56 MP: 11/11
  4348 | D:5      | Gained mutation: Your flesh is cold resistant. (rC+) [White
                  | Draconian growth]
  4354 | D:5      | Noticed Eustachio
  4556 | D:5      | Reached skill level 1 in Shields
  4587 | D:5      | Reached * piety under Vehumet
  4587 | D:5      | Offered knowledge of Freeze by Vehumet.
  4804 | D:5      | Found a staircase to the Ecumenical Temple.
  4816 | Temple   | Entered the Ecumenical Temple
  5224 | D:5      | Killed Eustachio
  5225 | D:5      | Reached XP level 8. HP: 57/63 MP: 11/12
  5323 | D:5      | Found a shimmering altar of Xom.
  5540 | D:6      | Found a broken altar of Ashenzari.
  5696 | D:6      | Found a glowing golden altar of the Shining One.
  5755 | D:6      | Slain by an iguana

Illustrated notes

Levels and vault maps discovered:
D:1:      erik_arrival_orb_chamber, layout_basic
D:2:      minmay_spotlight, layout_loops_corners
D:3:      layout_basic, ebering_ecumenical_altar_abandoned
D:4:      layout_gridville, nicolae_overflow_two_pavilions,
          hangedman_abyss_or_decor_stabs
D:5:      corexii_shack_village, layout_basic, xom_teletrap_fun,
          minmay_temple_entry_butterflies, uniq_eustachio
D:6:      layout_cave_pools, ashenzari_altar_1, tso_altar,
          nicolae_ossuary_entry_giza, minmay_circle_x, uniq_menkaure
Temple:   eino_narrow_crystal_temple

Skill      XL: |  1  2  3  4  5  6  7  8 |
---------------+-------------------------+-----
Stealth        | 2 |  2.0
Dodging        | 2 3 4 |  4.7
Conjurations   | 5 6 |  6.7
Fighting       | 1 2 3 |  3.4
Maces & Flails | 2 3 4 |  4.2
Spellcasting   | 3 |  3.0
Shields        | 2 |  2.8
Short Blades   | |  0.5

Action                     |  1- 3 |  4- 6 |  7- 9 || total
---------------------------+-------+-------+-------++-------
  Melee: Short sword       |    36 |       |       ||    36
         Tailslap          |     5 |       |       ||     5
         Club              |     1 |       |       ||     1
         Mace              |    14 |    33 |     5 ||    52
   Cast: Magic Dart        |    20 |       |       ||    20
         Searing Ray       |    22 |    38 |    30 ||    90
Ability: Breathe Frost     |       |       |     4 ||     4
   Stab: Sleeping          |     2 |       |       ||     2
 Armour: Skin              |    12 |    36 |    33 ||    81
  Dodge: Dodged            |    39 |    47 |    64 ||   150
  Block: Buckler           |       |       |    14 ||    14
